 Dungeon Crawl Stone Soup version 0.18.1-47-g9310371 (webtiles) character file.

192 Peloso the Skirmisher (level 5, -3/47 HPs)
             Began as a Minotaur Fighter on June 19, 2016.
             Slain by zervinho's ghost (14 damage)
             ... on level 4 of the Dungeon.
             The game lasted 00:05:41 (2458 turns).

Peloso the Skirmisher (Minotaur Fighter)            Turns: 2458, Time: 00:05:41

Health: -3/47      AC:  8    Str: 25    XL:     5   Next: 42%
Magic:  4/4        EV:  8    Int:  5    God:
Gold:   254        SH: 10    Dex: 11    Spells: 0 memorised, 4 levels left

rFire  x . .     SeeInvis .     a - +0 long sword
rCold  + . .     Gourm    .     b - +0 scale mail
rNeg   . . .     Faith    .     c - +0 shield
rPois  .         Spirit   .     (helmet restricted)
rElec  .         Dismiss  .     v - +0 cloak
rCorr  .         Reflect  .     (no gloves)
SustAt .         Harm     .     (no boots)
MR     .....                    (no amulet)
Stlth  ..........               (no ring)
                                h - ring of ice

@: mighty, not resistant to hostile enchantments, extremely unstealthy
A: retaliatory headbutt, horns 2
a: no special abilities


You were on level 4 of the Dungeon.
You were not hungry.

You visited 1 branch of the dungeon, and saw 4 of its levels.

You collected 254 gold pieces.

Inventory:

Hand Weapons
 a - a +0 long sword (weapon)
 p - a +1 spear of flaming
Armour
 b - a +0 scale mail (worn)
 c - a +0 shield (worn)
 v - a +0 cloak (worn)
Jewellery
 h - a ring of ice (left hand)
Scrolls
 e - 2 scrolls of amnesia {unknown}
 l - a scroll of noise {unknown}
 m - 2 scrolls of remove curse {unknown}
 n - a scroll of blinking {unknown}
 o - a scroll of recharging {unknown}
 s - a scroll of identify {unknown}
 t - a scroll of immolation {unknown}
Potions
 d - a potion of might
 j - a potion of haste {unknown}
 k - 2 potions of degeneration {unknown}
 q - 2 potions of cure mutation {unknown}
Comestibles
 f - 5 bread rations
 g - 2 royal jellies
 i - 2 beef jerkies
 r - a slice of pizza


   Skills:
 + Level 4.8 Fighting
 + Level 3.6 Long Blades
 + Level 4.8 Armour
 + Level 1.3 Dodging
 + Level 0.1 Stealth
 + Level 4.8 Shields


You had 4 spell levels left.
You didn't know any spells.

Dungeon Overview and Level Annotations

Branches:
Dungeon (4/15)
 Temple: D:4-7

Altars:
Qazlal

Annotations:
D:4 zervinho's ghost, amateur FeBe


Innate Abilities, Weirdness & Mutations

You reflexively headbutt those who attack you in melee.
You have a pair of horns on your head.


Message History

Zervinho's ghost is moderately damaged.
You block zervinho's ghost's attack.
An orc comes into view.
You miss zervinho's ghost.
Zervinho's ghost is moderately damaged.
The orc shouts!
The orc wizard hits you but does no damage.
Zervinho's ghost hits you but does no damage.
You block the orc wizard's attack. Zervinho's ghost barely misses you.
You miss zervinho's ghost.
Zervinho's ghost is moderately damaged.
The orc wizard hits you but does no damage.
The orc wizard gestures at you while chanting.
The magic dart hits you! Zervinho's ghost hits you!
* * * LOW HITPOINT WARNING * * *
You slash zervinho's ghost!
Zervinho's ghost is severely damaged.
The orc wizard hits you but does no damage.
Zervinho's ghost hits you!
You die...

## .# .#
.# .#
###.###
#o<)..#
#W###.#
#@# #o#
#.. ...>
.....
.......
.......?
###...####


You could see an orc wizard, zervinho's ghost and an orc.

Vanquished Creatures
  A hound (D:3)
  An orc wizard (D:3)
  A gnoll (D:3)
  3 adders
  3 oozes (D:1)
  4 worms (D:2)
  A dart slug (D:3)
  3 giant geckos
  8 orcs
  3 giant cockroaches
  6 goblins
  5 jackals (D:1)
  6 kobolds
  A ball python (D:2)
  4 bats
  4 giant newts
  12 rats
66 creatures vanquished.

Notes
Turn   | Place    | Note
--------------------------------------------------------------
     0 | D:1      | Peloso the Minotaur Fighter began the quest for the Orb.
     0 | D:1      | Reached XP level 1. HP: 19/19 MP: 0/0
     1 | D:1      | Found a runed door.
    32 | D:1      | Reached XP level 2. HP: 27/27 MP: 1/1
    66 | D:1      | Reached XP level 3. HP: 22/33 MP: 2/2
   451 | D:2      | Found a stormy altar of Qazlal.
  1209 | D:2      | Reached XP level 4. HP: 41/41 MP: 3/3
  1737 | D:3      | Reached XP level 5. HP: 45/47 MP: 4/4
  1866 | D:3      | Reached skill level 1 in Dodging
  2288 | D:4      | Noticed zervinho's ghost (amateur FeBe)
  2458 | D:4      | Slain by zervinho's ghost

Skill      XL: |  1  2  3  4  5 |
---------------+----------------+-----
Fighting       | 4 |  4.8
Shields        | 4 |  4.8
Long Blades    | 3 |  3.6
Armour         | 4 |  4.8
Dodging        | 1 |  1.3
Stealth        | |  0.1

Action                   |  1- 3 |  4- 6 || total
-------------------------+-------+-------++-------
Melee: Long sword        |    89 |    72 ||   161
       Headbutt          |    18 |    11 ||    29
  Use: Potion            |       |     1 ||     1
  Eat: Chunk             |     1 |     4 ||     5
Armor: Scale mail        |    46 |    31 ||    77
Dodge: Dodged            |    28 |    19 ||    47
Block: Shield            |    54 |    44 ||    98
